 Dungeon Crawl Stone Soup version 0.19-a0-1007-g133f65f (webtiles) character file.

7788 Implojin the Grappler (level 11, -23/178 HPs)
             Began as a Troll Fighter on July 19, 2016.
             Was a Believer of Ru.
             Killed from afar by Frances (34 damage)
             ... with an iron shot
             ... on level 14 of the Dungeon.
             The game lasted 00:20:49 (3075 turns).

Implojin the Grappler (Troll Fighter)               Turns: 3075, Time: 00:20:51

Health: -23/178    AC: 25    Str: 22      XL:     11   Next: 1%
Magic:  0/10       EV:  1    Int:  7 (8)  God:    Ru [**....]
Gold:   220        SH: 10    Dex: 16      Spells: 0 memorised, 10 levels left

rFire  . . .     SeeInvis +     H - +1 blowgun
rCold  . . .     Gourm    +     (armour currently unavailable)
rNeg   + + +     Faith    .     b - +1 shield
rPois  +         Spirit   +     (helmet currently unavailable)
rElec  .         Dismiss  .     (cloak currently unavailable)
rCorr  .         Reflect  .     (gloves unavailable)
SustAt .         Harm     .     (boots unavailable)
MR     +....     NoTele   +     g - amulet of guardian spirit
Stlth  ++........               e - +4 ring of dexterity
                                z - ring of Onutug {MR+ Str-4 Int+4 Slay+2 SInv Stlth+}

@: tree-form, somewhat resistant to hostile enchantments, unstealthy
A: unfitting armour, (claws 0), fast metabolism 3, gourmand, sense surroundings
1, regeneration 2, (shaggy fur 0), (tough skin 0), hated by all, no charms
magic, no hexes magic, no poison magic
a: Renounce Religion


You were on level 14 of the Dungeon.
You worshipped Ru.
Ru was pleased with you.
You were very full.
You were a tree.
You visited 2 branches of the dungeon, and saw 15 of its levels.
You also visited: Bailey.

You collected 220 gold pieces.

Inventory:

Hand Weapons
 h - a +0 flail of protection
 y - the +10 long sword of Due Proportion {pain, Int+8}
   (You found it on level 7 of the Dungeon)

   In the hands of one skilled in necromantic magic, it inflicts extra damage on
   living creatures.
   It affects your intelligence (+8).
 D - a +1 flail of crushing
 H - a +1 blowgun (weapon)
Missiles
 j - 13 tomahawks
 G - 2 curare-tipped needles (quivered)
Armour
 a - a +0 robe (melded)
 b - a +1 shield (worn)
Jewellery
 e - a +4 ring of dexterity (right branch)
 g - an amulet of guardian spirit (around neck)
 p - an uncursed amulet of rage
 v - an uncursed ring of magical power
 w - an uncursed ring of see invisible
 x - an uncursed amulet of magic regeneration {unknown}
 z - the ring of Onutug (left branch) {MR+ Str-4 Int+4 Slay+2 SInv Stlth+}
   (You found it on level 13 of the Dungeon)

   [ring of intelligence]

   It affects your strength (-4).
   It affects your intelligence (+4).
   It affects your accuracy and damage with ranged weapons and melee attacks
   (+2).
   It affects your resistance to hostile enchantments.
   It lets you see invisible.
   It makes you more stealthy.
Wands
 f - a wand of confusion (29/48)
 l - a wand of digging (14/24)
 C - a wand of slowing (24/48)
 F - a wand of flame (19/48)
Scrolls
 o - a scroll of immolation
Potions
 q - a potion of invisibility {unknown}
 s - a potion of haste {unknown}
 A - a potion of heal wounds {unknown}
 E - a potion of brilliance {unknown}
 J - a potion of mutation {unknown}
 L - a potion of magic
 M - 2 potions of degeneration
 O - a potion of flight {unknown}
Books
 k - a book of Geomancy

   Spells                             Type                      Level
   a - Sandblast                      Earth                        1
   b - Passwall                       Transmutation/Earth          2
   c - Stone Arrow                    Conjuration/Earth            3
   d - Petrify                        Transmutation/Earth          4
   e - Lee's Rapid Deconstruction     Earth                        5
Miscellaneous
 I - a phial of floods
Comestibles
 d - 3 bread rations
 i - a fruit
 n - 2 beef jerkies
 r - 2 royal jellies
 t - 2 slices of pizza
 B - 2 meat rations


   Skills:
 * Level 10.4 Fighting
 - Level 2.4 Dodging
 - Level 2.4 Shields
 - Level 12.0 Unarmed Combat


You had 10 spell levels left.
You didn't know any spells.

Dungeon Overview and Level Annotations

Branches:
Dungeon (14/15)            Temple (1/1) D:7            Lair (0/6) D:8
    Orc (0/2) D:11
 Vaults: D:13-14

Altars:
Ashenzari
Cheibriados
Dithmenos
Elyvilon
Fedhas
Gozag
Hepliaklqana
Kikubaaqudgha
Makhleb
Nemelex Xobeh
Ru
Sif Muna
Trog
Uskayaw
Vehumet
Xom
Yredelemnul
Zin
The Shining One

Shops:
D:10 =

Portals:
Ice
Cave: D:14

Annotations:
D:9 exclusion: orange crystal statue
D:14 Frances


Innate Abilities, Weirdness & Mutations

You are too large for most types of armour.
((You have claws for hands.))
Your metabolism is lightning-fast.
You like to eat raw meat.
You heal very quickly.
((You are covered in fur. (AC +1)))
((You have very tough skin. (AC +2)))
You are hated by all.
You cannot study or cast Charms magic.
You cannot study or cast Hexes magic.
You cannot study or cast Poison magic.
You passively map a small area around you.


Message History

Unknown command.
You smack Frances!
Frances is lightly wounded.
Frances hits you but does no damage.
You pummel Frances!!
Frances is moderately wounded.
Frances chants phrases taken from a devil's mouth.
The iron shot hits you!
* * * LOW HITPOINT WARNING * * *
Unknown command.
You feel better. Frances hits you but does no damage.
You redirect Frances's attack!
Frances hits you but does no damage.
Unknown command.
You smack Frances!
Frances is heavily wounded.
Frances chants phrases taken from a devil's mouth.
The shard of ice hits you!
* * * LOW HITPOINT WARNING * * *
Unknown command.
Okay, then.
Evoke which item? (* to show all) (? for menu, Esc to quit)
Okay, then.
Wield which item (- for none, * to show all)? (? for menu, Esc to quit)
Okay, then.
Wield which item (- for none, * to show all)? (? for menu, Esc to quit)
Okay, then.
Wield which item (- for none, * to show all)? (? for menu, Esc to quit)
H - a +1 blowgun (weapon)
You block Frances's attack.
Firing (i - inventory. (,) - cycle):
G - 3 curare-tipped needles (quivered)
Press: ? - help, Shift-Dir - straight line, f - Frances
Aim: Frances, wielding an enchanted dire flail and wearing a leather armour (heavily wounded, fast)
You shoot a curare-tipped needle. The curare-tipped needle hits Frances.
Frances is poisoned.
Frances convulses.
Frances seems to slow down.
Frances is heavily wounded.
Frances is no longer moving quickly.
Frances screams a word of power!
Helpless, you fail to dodge the iron shot.
You die...

#.##.).##...##
#.#........# #
#####.#.####...# #
,, #.......#
#.#..### ,*
#.##..#.##.###....
#.##....### #.####
#.####..####..# *
#.# #........# *
#♣# #.###.##.# #@#
#.###.##. *
#Y####........
######Y....####.###
....$............#
*
..######........##
,, #........# *
##...8....# *
#....^....#


You could see Frances and 2 ice beasts.

Vanquished Creatures
  A centaur warrior (D:13)
  An unseen horror (D:13)
  A deep elf mage (Bailey)
  2 centaur skeletons
  A gargoyle (D:13)
  A troll (D:9)
  Prince Ribbit (D:7)
  2 centaur simulacra (D:14)
  A wraith (D:13)
  A wyvern (D:10)
  7 yaks
  A mottled dragon (D:13)
  4 orc warriors
  A black bear (D:13)
  3 ice beasts
  A phantom (D:11)
  A wasp (D:10)
  3 ogres
  3 centaurs
  3 big kobolds
  4 giant frogs
  A wyvern skeleton (D:12)
  A scorpion (D:11)
  3 killer bees (D:13)
  2 howler monkeys (D:9)
  3 crimson imps
  A centaur zombie (D:5)
  A jelly (D:6)
  4 orc priests
  3 hounds
  7 orc wizards
  2 giant frog skeletons
  2 iguanas (D:7)
  8 worker ants
  A hound zombie (D:7)
  A hound skeleton (D:8)
  6 adders
  5 shadow imps
  2 white imps (D:14)
  2 worms (D:2)
  A giant gecko (D:6)
  28 orcs
  A ball python (D:5)
  A giant cockroach (D:7)
  5 goblins
  6 jackals
  A quokka (D:6)
  A jackal skeleton (D:7)
  17 kobolds
  2 rats
  A fungus (D:8)
162 creatures vanquished.

Vanquished Creatures (others)
  An ugly thing (D:12)
  A crimson imp (D:13)
2 creatures vanquished.

Grand Total: 164 creatures vanquished

Notes
Turn   | Place    | Note
-------+----------+-------------------------------------------
     0 | D:1      | Implojin the Troll Fighter began the quest for the Orb.
     0 | D:1      | Reached XP level 1. HP: 22/22 MP: 0/0
    60 | D:3      | Reached skill level 3 in Unarmed Combat
    60 | D:3      | Reached XP level 2. HP: 29/29 MP: 1/1
   205 | D:3      | Reached XP level 3. HP: 36/36 MP: 2/2
   287 | D:4      | Noticed a phantom
   287 | D:4      | Noticed an ogre
   291 | D:4      | Killed an ogre
   291 | D:4      | Reached skill level 5 in Unarmed Combat
   291 | D:4      | Reached XP level 4. HP: 25/44 MP: 3/3
   293 | D:5      | Entered Level 5 of the Dungeon
   351 | D:5      | Reached XP level 5. HP: 46/50 MP: 4/4
   418 | D:6      | Reached skill level 6 in Unarmed Combat
   459 | D:6      | Reached XP level 6. HP: 43/59 MP: 5/5
   615 | D:6      | Noticed an ice beast
   617 | D:6      | Found a hide-covered altar of Uskayaw.
   626 | D:6      | Killed an ice beast
   626 | D:6      | Reached skill level 7 in Unarmed Combat
   640 | D:6      | Reached XP level 7. HP: 55/66 MP: 6/6
   675 | D:6      | Reached skill level 8 in Unarmed Combat
   722 | D:7      | Noticed Prince Ribbit
   729 | D:7      | Killed Prince Ribbit
   749 | D:6      | Reached skill level 9 in Unarmed Combat
   869 | D:7      | Reached XP level 8. HP: 61/74 MP: 7/7
   973 | D:7      | Reached skill level 10 in Unarmed Combat
  1089 | D:7      | Got an ichor-stained long sword
  1106 | D:7      | Found a staircase to the Ecumenical Temple.
  1113 | Temple   | Entered the Ecumenical Temple
  1195 | Temple   | Became a worshipper of Ru the Awakened
  1316 | D:8      | Found a flagged portal.
  1325 | Bailey   | Entered a bailey
  1331 | Bailey   | Noticed a deep elf mage
  1343 | Bailey   | Killed a deep elf mage
  1343 | Bailey   | Reached skill level 11 in Unarmed Combat
  1350 | Bailey   | Noticed a deep elf mage
  1351 | Bailey   | Noticed a deep elf mage
  1351 | Bailey   | Noticed a deep elf mage
  1351 | Bailey   | Noticed a deep elf mage
  1352 | Bailey   | Noticed a deep elf mage
  1352 | Bailey   | Noticed a deep elf mage
  1418 | D:9      | Noticed a troll
  1424 | D:9      | Killed a troll
  1424 | D:9      | Reached XP level 9. HP: 56/80 MP: 8/8
  1494 | D:9      | Reached skill level 12 in Unarmed Combat
  1509 | D:10     | Entered Level 10 of the Dungeon
  1656 | D:10     | Reached skill level 3 in Fighting
  1718 | D:11     | Gained mutation: You cannot study or cast Poison magic. [Ru sacrifice]
  1718 | D:11     | Gained mutation: You cannot study or cast Hexes magic. [Ru sacrifice]
  1718 | D:11     | Gained mutation: You cannot study or cast Charms magic. [Ru sacrifice]
  1718 | D:11     | Reached * piety under Ru
  1746 | D:11     | Reached skill level 4 in Fighting
  1769 | D:10     | Found Orphosk's Jewellery Shop.
  1899 | D:9      | Found a radiant altar of Vehumet.
  1899 | D:9      | Found a blossoming altar of Fedhas.
  1936 | D:9      | Noticed an orange crystal statue
  2022 | D:11     | Reached skill level 5 in Fighting
  2099 | D:11     | Reached skill level 6 in Fighting
  2228 | D:12     | Noticed a purple ugly thing
  2241 | D:12     | Killed a purple ugly thing
  2324 | D:10     | Reached skill level 7 in Fighting
  2324 | D:10     | Reached XP level 10. HP: 99/102 MP: 9/9
  2475 | D:11     | Found a staircase to the Orcish Mines.
  2614 | D:8      | Found a staircase to the Lair.
  2623 | D:8      | Identified the +10 long sword of Due Proportion {pain, Int+8} (You found it on level 7 of the Dungeon)
  2763 | D:13     | Reached skill level 8 in Fighting
  2825 | D:13     | Got a shimmering copper ring
  2830 | D:13     | Identified the ring of Onutug {MR+ Str-4 Int+4 Slay+2 SInv Stlth+} (You found it on level 13 of the Dungeon)
  2838 | D:13     | Noticed an unseen horror
  2839 | D:13     | Noticed a centaur warrior
  2852 | D:13     | Killed an unseen horror
  2856 | D:13     | Killed a centaur warrior
  2877 | D:13     | Noticed a gargoyle
  2879 | D:13     | Reached skill level 9 in Fighting
  2884 | D:13     | Killed a gargoyle
  2963 | D:14     | Reached skill level 10 in Fighting
  2964 | D:14     | Gained mutation: You are hated by all. [Ru sacrifice]
  2964 | D:14     | Reached ** piety under Ru
  3022 | D:14     | Reached XP level 11. HP: 57/119 MP: 7/10
  3032 | D:14     | Found a frozen archway.
  3033 | D:14     | Noticed Frances
  3041 | D:14     | Gained mutation: You passively map a small area around you. [potion of beneficial mutation]
  3075 | D:14     | Killed from afar by Frances

Vault maps used:
D:1:      tarquinn_simple_flora_water_b
D:2:      kennysheep_goblin_castle, minivault_4, minmay_misc_feat_nine_boxes,
          uniq_jessica
D:4:      johnstein_pakellas_shop, okawaru_trees_1, first_bread
D:5:      serial_curves, eino_curves_02, eino_curves_04, eino_curves_03,
          eino_curves_04
D:6:      eat_drink_and_be_merry_uskayaw
D:7:      uniq_joseph, uniq_prince_ribbit1
D:8:      dpeg_oklobed_lair, enter_bailey_3, the_bakery, uniq_psyche,
          uniq_gastronok, uniq_erica
D:9:      nicolae_qazlal_style_of_elements, gammafunk_temple_overflow_wave,
          minivault_16
D:10:     serial_shops, shop
D:11:     hiddenorc2_lemuel, hive_lemuel
D:13:     statuecave_lemuel
D:14:     erik_vaults_1, roderic_roman_lattice, serial_ice, serial_ice_b,
          serial_ice_h, serial_ice_m, serial_ice_l,
          portal_ice_cave_entry_ice_beasts, uniq_frances
Temple:   nicolae_temple_elliptical
Bailey:   bailey_polearm_3, bailey

Skill      XL: |  1  2  3  4  5  6  7  8  9 10 |
---------------+-------------------------------+-----
Unarmed Combat | 3 5 6 7 9 11 12 | 12.0
Fighting       | 7 10 | 10.4
Dodging        | |  2.4
Shields        | |  2.4

Action                   |  1- 3 |  4- 6 |  7- 9 | 10-12 || total
-------------------------+-------+-------+-------+-------++-------
Melee: Unarmed           |    58 |    45 |   243 |   157 ||   503
 Fire: Blowgun           |       |       |       |     1 ||     1
Invok: Sacrifice Arcana  |       |       |     1 |       ||     1
       Sacrifice Love    |       |       |       |     1 ||     1
  Use: Potion            |       |       |     2 |     5 ||     7
       Scroll            |       |       |    10 |     2 ||    12
 Stab: Sleeping          |       |     1 |       |     1 ||     2
  Eat: Chunk             |     8 |     2 |    14 |     8 ||    32
       Bread ration      |       |       |       |     1 ||     1
Armor: Robe              |    16 |     7 |    40 |    29 ||    92
       Skin              |       |       |       |     3 ||     3
Dodge: Dodged            |    21 |     9 |    48 |    62 ||   140
Block: Shield            |    24 |    17 |    99 |    82 ||   222

Table legend:
 A = Turns spent in this place as a percentage of turns spent in the entire game.
 B = Non-inter-level travel turns spent in this place as a percentage of non-inter-level travel turns spent in the entire game.
 C = Inter-level travel turns spent in this place as a percentage of turns spent in this place.
 D = Turns resting spent in this place as a percentage of non-inter-level travel turns spent in this place.
 E = Turns spent auto-exploring this place as a percentage of non-inter-level travel turns spent in this place.
 F = Non-inter-level travel turns spent in this place divided by the number of levels of this place that you've seen.
                   A       B       C       D       E      F
               +-------+-------+-------+-------+-------+----------------------
         Total | 100.0 | 100.0 |   0.0 |   0.0 |   0.0 | 200.3
       Dungeon |  95.7 |  95.7 |   0.0 |   0.0 |   0.0 | 219.1
        Temple |   3.2 |   3.2 |   0.0 |   0.0 |   0.0 | 103.0
        Bailey |   1.1 |   1.1 |   0.0 |   0.0 |   0.0 |  34.0
               +-------+-------+-------+-------+-------+----------------------

Table legend:
 A = Kills in this place as a percentage of kills in entire the game.
 B = Kills by you in this place as a percentage of kills by you in the entire game.
 C = Kills by friends in this place as a percentage of kills by friends in the entire game.
 D = Other kills in this place as a percentage of other kills in the entire game.
 E = Experience gained in this place as a percentage of experience gained in the entire game.
 F = Experience gained in this place divided by the number of levels of this place that you have seen.
                   A       B       C       D       E      F
               +-------+-------+-------+-------+-------+----------------------
         Total | 100.0 | 100.0 |  -nan | 100.0 | 100.0 | 695.4
       Dungeon |  99.4 |  99.4 |  -nan | 100.0 |  94.7 | 752.3
        Bailey |   0.6 |   0.6 |  -nan |   0.0 |   5.3 | 595.0
               +-------+-------+-------+-------+-------+----------------------
